 Dungeon Crawl Stone Soup version 0.31-a0-728-g01b46875f1 (webtiles) character file.

Game seed: 16090188860544805860

198 Kahsius the Chopper (level 5, -9/50 HPs)
             Began as a Hill Orc Monk on Sept 11, 2023.
             Mangled by a gnoll
             ... wielding a +0 halberd
              (10 damage)
             ... on level 4 of the Dungeon.
             The game lasted 00:06:48 (2673 turns).

Kahsius the Chopper (Hill Orc Monk)                 Turns: 2673, Time: 00:06:49

Health: -9/50      AC:  6    Str: 14    XL:     5   Next: 76%
Magic:  5/5        EV: 11    Int: 10    God:
Gold:   260        SH:  0    Dex: 15    Spells: 4/4 levels left

rFire   . . .        a - +0 hand axe
rCold   . . .        d - orb {light}
rNeg    . . .        m - +0 ring mail
rPois   .            f - +0 helmet
rElec   .            (no cloak)
rCorr   .            (no gloves)
SInv    .            (no boots)
Will    .....        (no amulet)
Stlth   +            (no ring)
HPRegen 0.28/turn    (no ring)
MPRegen 0.09/turn

%: no passive effects
@: hasted, glowing, very quick
A: no striking features
a: no special abilities


You were on level 4 of the Dungeon.
You visited 1 branch of the dungeon, and saw 4 of its levels.

You collected 260 gold pieces.

Inventory:

Hand Weapons
 a - a +0 hand axe (weapon)
Missiles
 q - 2 throwing nets
Armour
 b - a +0 robe
 d - an orb of light (worn)
 f - a +0 helmet (worn)
 m - a +0 ring mail (worn)
Jewellery
 j - a ring of see invisible
 n - a +6 ring of dexterity
Talismans
 o - a flux talisman
Wands
 k - a wand of paralysis (7)
Scrolls
 h - a scroll of immolation {unknown}
 i - 5 scrolls of identify {unknown}
 s - a scroll of poison {unknown}
 t - a scroll of noise {unknown}
Potions
 c - a potion of ambrosia
 e - a potion of attraction {unknown}
 g - a potion of lignification
 p - 2 potions of resistance {unknown}


   Skills:
 + Level 5.8 Fighting
 + Level 6.0 Axes
 - Level 2.9 Dodging


You had 4 spell levels left.
You didn't know any spells.
Your spell library contained the following spells:

 Spells                   Type           Power      Damage    Failure   Level
 Alistair's Intoxication  Tmut/Pois      0%         N/A       100%        5
 Borgnjor's Vile Clutch   Necr/Erth      0%         N/A       100%        5
 Summon Forest            Summ/Tloc      0%         N/A       100%        5
 Eringya's Noxious Bog    Tmut/Pois      0%         4d6       100%        6
 Summon Hydra             Summ           0%         N/A       100%        7


Dungeon Overview and Level Annotations

Branches:
Dungeon (4/15)
 Temple: D:4-7

Altars:
Fedhas
Nemelex Xobeh
Zin
Lugonu

Portals:
Abyss: D:3


Message History

You hit the gnoll.
You kill the gnoll!
The gnoll closely misses you. The gnoll hits you but does no damage.
Things that are here:
a +0 whip; a gnoll corpse You hit the gnoll but do no damage.
The gnoll hits you with a +0 spear.
The gnoll hits you from afar with a +0 halberd!
You barely miss the gnoll. The gnoll hits you with a +0 spear.
The gnoll hits you but does no damage.
You hit the gnoll.
The gnoll is moderately wounded.
The gnoll barely misses you.
The gnoll hits you from afar with a +0 halberd.
* * * LOW HITPOINT WARNING * * *
You hit the gnoll but do no damage.
The gnoll is moderately wounded.
The gnoll closely misses you.
The gnoll hits you from afar with a +0 halberd.
* * * LOW HITPOINT WARNING * * *
You feel much better. The gnoll hits you but does no damage.
The gnoll closely misses you.
You barely miss the gnoll.
The gnoll is moderately wounded.
The gnoll hits you but does no damage.
The gnoll hits you from afar with a +0 halberd!
You hit the gnoll.
The gnoll is severely wounded.
The gnoll hits you with a +0 spear.
The gnoll hits you from afar with a +0 halberd!
* * * LOW HITPOINT WARNING * * *
You hit the gnoll.
The gnoll is almost dead.
The gnoll hits you with a +0 spear.
* * * LOW HITPOINT WARNING * * *
The gnoll hits you from afar with a +0 halberd!
* * * LOW HITPOINT WARNING * * *
You feel yourself speed up. The gnoll hits you with a +0 spear.
* * * LOW HITPOINT WARNING * * *
The gnoll hits you from afar with a +0 halberd!
You die...

..#####
##..# ..#
#...## ..#
#....## ..#
##.....#
.##
#......# .#
#[.###..###
.# #.#
#....# ...
#.##.# .
..# #.##@#
## #.##g##
#..#g.## ##
##..#
#..g..#.#
#..g.g ...
#.....
.##..
#..... ##
## ...$...


You could see 2 gnolls.

Vanquished Creatures
  A hound (D:4)
  Natasha (D:2)
  4 gnolls
  4 adders
  3 dart slugs (D:1)
  4 bats (D:1)
  6 endoplasms
  5 giant cockroaches
  5 goblins
  A hobgoblin (D:1)
  8 jackals
  A quokka (D:4)
  4 ball pythons
  4 frilled lizards
  9 kobolds
  5 rats
65 creatures vanquished.

Notes
Turn   | Place    | Note
-------+----------+-------------------------------------------
     0 | D:1      | Kahsius the Hill Orc Monk began the quest for the Orb.
     0 | D:1      | Reached XP level 1. HP: 19/19 MP: 1/1
   111 | D:1      | Reached XP level 2. HP: 27/27 MP: 2/2
   350 | D:1      | Found a faded altar of an unknown god.
   353 | D:1      | Reached XP level 3. HP: 32/33 MP: 3/3
   987 | D:2      | Reached XP level 4. HP: 41/41 MP: 4/4
  1186 | D:2      | Noticed Natasha
  1205 | D:2      | Killed Natasha
  1206 | D:2      | Reached skill level 5 in Fighting
  1206 | D:2      | Reached skill level 5 in Axes
  1629 | D:3      | Found a large runed translucent door.
  1629 | D:3      | Found a large runed translucent door.
  1630 | D:3      | Found a corrupted altar of Lugonu.
  1697 | D:3      | Found a blossoming altar of Fedhas.
  1937 | D:3      | Reached XP level 5. HP: 48/48 MP: 5/5
  1961 | D:3      | Found a sparkling altar of Nemelex Xobeh.
  2023 | D:3      | Found a glowing silver altar of Zin.
  2146 | D:3      | Found a one-way gate to the infinite horrors of the Abyss.
  2352 | D:3      | Paralysed by a kobold for 2 turns
  2355 | D:3      | Paralysed by a kobold for 5 turns
  2371 | D:3      | HP: 2/48 [kobold/+1 rapier of distortion (4)]
  2565 | D:4      | Reached skill level 6 in Axes
  2673 | D:4      | HP: 1/50 [gnoll/+0 spear (3)]
  2673 | D:4      | Mangled by a gnoll

Illustrated notes

Levels and vault maps discovered:
D:1:      shiori_arrival_oz, layout_basic, ebering_ecumenical_altar_rust
D:2:      layout_loops_ring, serial_bayou_crossing, uniq_natasha
D:3:      due_chaos_kobolds, layout_basic, lemuel_coloured_pillars_altar,
          zin_academy, old_standard_altar, serial_glass, glass_columns_c,
          glass_columns_b, glass_columns_a, glass_columns_a, glass_columns_b,
          glass_columns_b, hangedman_decor_peaks_small
D:4:      layout_rooms, mainiacjoe_overflow_24_doors, uniq_crazy_yiuf_cottage

Skill      XL: |  1  2  3  4  5 |
---------------+----------------+-----
Fighting       | 4 5 |  5.8
Axes           | 5 6 |  6.0
Dodging        | |  2.9

Action                     |  1- 3 |  4- 6 || total
---------------------------+-------+-------++-------
  Melee: Hand axe          |   105 |   107 ||   212
    Use: Potion            |       |     6 ||     6
 Armour: Robe              |    47 |       ||    47
         Ring mail         |     2 |    90 ||    92
  Dodge: Dodged            |    67 |    84 ||   151

Table legend: (Time is in decaauts)
 A = Elapsed time spent in this place.
 B = Non-inter-level travel time spent in this place.
 C = Inter-level travel time spent in this place.
 D = Time resting spent in this place.
 E = Time spent auto-exploring this place.
 F = Levels seen in this place.
 G = Mean time per level.
                   A        B        C        D        E       F      G
               +--------+--------+--------+--------+--------+-----+--------+
         Total |   2690 |   2610 |     80 |      0 |   2095 |   4 |  672.5 |
       Dungeon |   2690 |   2610 |     80 |      0 |   2095 |   4 |  672.5 |
               +--------+--------+--------+--------+--------+-----+--------+

Top non-repeatable levels by time:
     D:3: 1087 daAuts
     D:2: 796 daAuts
     D:1: 670 daAuts
     D:4: 136 daAuts
